 Seeded DCSS version 0.29-a0-472-ge5599a681e (webtiles) character file.

Game seed: 9296762951556685199 (custom seed)

3300 Snarg the Changer (level 10, -17/69 HPs)
             Began as an Octopode Transmuter on May 22, 2022.
             Was an Initiate of Gozag.
             Demolished by a two-headed ogre
             ... wielding a +0 giant club
              (21 damage)
             ... on level 9 of the Dungeon.
             The game lasted 00:59:51 (10327 turns).

Snarg the Changer (Octopode Transmuter)            Turns: 10327, Time: 00:59:54

Health: -17/69     AC:  1    Str: 14    XL:     10   Next: 1%
Magic:  14/14      EV: 19    Int: 16    God:    Gozag
Gold:   78         SH:  0    Dex: 18    Spells: 6/15 levels left

rFire   . . .      SeeInvis .     - Unarmed
rCold   . . .      Faith    .   (no shield)
rNeg    . . .      Spirit   .   (helmet currently unavailable)
rPois   .          Reflect  .   v - amulet of the acrobat
rElec   .          Harm     .   i - ring of wizardry
rCorr   .          Rampage  .   x - +4 ring of evasion
Will    .....                   h - +6 ring of dexterity
Stlth   ++++......              (no ring)
HPRegen 0.21/turn               (no ring)
MPRegen 0.14/turn               (no ring)
                                (no ring)
                                (no ring)

@: appendages, gold aura, hasted and slowed
A: tentacle spike 3, almost no armour, amphibious, 8 rings, camouflage 1,
gelatinous body 1, (nimble swimmer 1), tentacles
a: End Transformation, Renounce Religion, Potion Petition, Call Merchant, Bribe
Branch


You were on level 9 of the Dungeon.
You worshipped Gozag.
Gozag was noncommittal.
One of your tentacles had grown a beastly spike.
You visited 2 branches of the dungeon, and saw 10 of its levels.

You collected 394 gold pieces.
You spent 188 gold pieces at shops.
You paid 128 gold pieces to Gozag.

Inventory:

Hand Weapons
 j - a +2 dagger of venom
 l - a +1 vorpal falchion
 u - a +0 short sword of freezing
Missiles
 c - 89 stones (quivered)
 m - a boomerang of dispersal
 t - 2 throwing nets
 w - 3 poisoned darts
Magical Staves
 r - a staff of poison
 D - a staff of earth
Jewellery
 h - a +6 ring of dexterity (on tentacle)
 i - a ring of wizardry (left tentacle)
 v - an amulet of the acrobat (around mantle)
 x - a +4 ring of evasion (right tentacle)
Wands
 a - a wand of flame (8)
 p - a wand of acid (5)
 y - a wand of iceblast (5)
 B - a wand of digging (6)
Scrolls
 b - 2 scrolls of magic mapping
 d - 3 scrolls of identify
 e - a scroll of enchant armour
 k - 4 scrolls of fog
 o - a scroll of poison
 s - 3 scrolls of teleportation
 z - a scroll of fear
Potions
 f - a potion of curing
 n - 2 potions of might
 q - 2 potions of heal wounds
 A - a potion of resistance


   Skills:
 * Level 6.5 Fighting
 - Level 2.0 Throwing
 + Level 4.7 Dodging
 + Level 5.9 Stealth
 - Level 6.4 Unarmed Combat
 - Level 3.0 Spellcasting
 - Level 1.0 Conjurations
 + Level 7.4 Transmutations
 - Level 1.0 Fire Magic
 - Level 2.0 Poison Magic
 + Level 2.3 Evocations


You had 6 spell levels left.
You knew the following spells:

 Your Spells              Type           Power      Damage    Failure   Level
a - Beastly Appendage     Tmut           52%        N/A       1%          1
b - Wereblood             Tmut           26%        N/A       1%          2
c - Foxfire               Conj/Fire      20%        2x1d5     4%          1
d - Passwall              Tmut/Erth      11%        N/A       2%          2
e - Ignite Poison         Fire/Tmut/Pois 13%        N/A       6%          3

Your spell library contained the following spells:

 Spells                   Type           Power      Damage    Failure   Level
 Spider Form              Tmut/Pois      17%        N/A       3%          3
 Scorch                   Fire           10%        2d6       8%          2
 Ensorcelled Hibernation  Hex/Ice        4%         N/A       12%         2
 Conjure Flame            Conj/Fire      5%         6-21      16%         3
 Ice Form                 Ice/Tmut       14%        N/A       16%         4
 Inner Flame              Hex/Fire       4%         N/A       17%         3
 Swiftness                Air            2%         N/A       22%         3
 Flame Wave               Conj/Fire      5%         2d5       43%         4
 Sticky Flame             Conj/Fire      5%         2d3       43%         4
 Cause Fear               Hex            1%         N/A       56%         4
 Summon Cactus Giant      Summ           1%         N/A       100%        6
 Dragon Form              Tmut           13%        N/A       95%         7
 Dragon's Call            Summ           1%         N/A       100%        9


Dungeon Overview and Level Annotations

Branches:
Dungeon (9/15)             Temple (1/1) D:7
   Lair: D:8-11         Orc: D:9-12

Altars:
Ashenzari
Cheibriados
Dithmenos
Elyvilon
Fedhas
Gozag
Hepliaklqana
Kikubaaqudgha
Makhleb
Nemelex Xobeh
Okawaru
Qazlal
Ru
Sif Muna
Trog
Uskayaw
Vehumet
Wu Jian
Xom
Yredelemnul
Zin
The Shining One

Shops:
D:1 =   D:2 ?   D:8 :(

Annotations:
D:1 clr
D:2 sigmund, exclusion: door
D:3 clr
D:4 2 runed translucent doors, 1 exclusion, Crazy Yiuf
D:5 clr
D:6 clr
D:7 exclusions: orc warrior and 2 orc wizards, Menkaure
D:8 Joseph


Innate Abilities, Weirdness & Mutations

One of your tentacles has grown a beastly spike.
You cannot wear most types of armour.
You are amphibious.
You can wear up to eight rings at the same time.
Your skin changes colour to match your surroundings (Stealth+).
Your rubbery body absorbs attacks. (AC +1, EV +1)
((You are camouflaged when in or above water. (Stealth+)))
You have tentacles for arms and can constrict up to eight enemies at once.


Message History

The wraith barely misses you. The wraith misses you.
You tentacle-slap the wraith but do no damage.
The wraith is heavily damaged.
Your primal bloodlust is almost over.
The wraith hits you! The wraith drains your vigour!
You feel as though you will be slow longer.
The wraith hits you.
As you read the scroll of summoning, it crumbles to dust.
Wisps of shadow whirl around you... The two-headed ogre misses you.
The two-headed ogre hits you with a +0 dire flail!!
* * * LOW HITPOINT WARNING * * *
The wraith closely misses you.
Unknown command.
Unknown command.
The wraith attacks as you move away! The wraith barely misses you.
Your two-headed ogre barely misses the wraith.
Your two-headed ogre hits the wraith with a +0 giant club.
Your water moccasin bites the wraith.
The wraith misses you.
The two-headed ogre attacks as you move away!
The two-headed ogre misses you.
The two-headed ogre completely misses you.
You howl as the wereblood boils in your veins!
Your primal bloodlust has ended.
Your howler monkey hits the wraith but does no damage.
Your water moccasin bites the wraith but does no damage.
Your howler monkey hits the wraith but does no damage.
Your two-headed ogre hits the wraith with a +0 giant spiked club!!
The wraith is destroyed!
You have reached level 10!
You feel clever.
Unknown command.
Unknown command.
You feel yourself speed up.
Your water moccasin bites the two-headed ogre!
The two-headed ogre is poisoned.
Your water moccasin poisons the two-headed ogre!
The two-headed ogre closely misses you.
The two-headed ogre hits you with a +0 dire flail!!
You die...
Your body crumbles into a pile of gold.

...........###############
..........................
..........................
#..#############.......$....
#..# #........(..( #..#
#......$.....
#..#############..........$.
.....................(......
................@Oh($$......
.................OS....((...
........<............?......
....................<.......
............................
............................
............................
###..############...........
#.. #.......>...


You could see a two-headed ogre (very poisoned, ally target), a friendly
two-headed ogre (summoned), a friendly water moccasin (summoned) and a friendly
howler monkey (summoned).

Vanquished Creatures
  A steam dragon (D:7)
  Grum (D:8)
  3 orc warriors
  A water moccasin (D:8)
  2 ice beasts
  A sky beast (D:6)
  2 wolves (D:8)
  2 ogres (D:5)
  A phantom (D:5)
  2 kobold brigands
  3 scorpions
  A bullfrog (D:7)
  A necrophage (D:5)
  8 wights
  2 howler monkeys (D:6)
  2 jellies (D:5)
  2 orc priests
  2 hounds
  3 gnoll shamans
  6 iguanas
  5 orc wizards
  Natasha (thrice) (D:4)
  12 gnolls
  4 adders
  2 white imps (D:6)
  5 dart slugs
  22 orcs
  5 bats
  6 endoplasms
  3 giant cockroaches
  6 hobgoblins
  8 jackals
  15 kobolds
  3 quokkas
  7 ball pythons
  7 frilled lizards
  9 goblins
  A goblin zombie (D:4)
  A kobold skeleton (D:4)
  5 rats
175 creatures vanquished.

Vanquished Creatures (collateral kills)
  A wraith (D:9)
1 creature vanquished.

Vanquished Creatures (others)
  5 foxfires
  8 plants (D:4)
13 creatures vanquished.

Grand Total: 189 creatures vanquished

Notes
Turn   | Place    | Note
-------+----------+-------------------------------------------
     0 | D:1      | Snarg the Octopode Transmuter began the quest for the Orb.
     0 | D:1      | Reached XP level 1. HP: 13/13 MP: 3/3
   254 | D:1      | You fall into a shaft and drop 1 floor!
   300 | D:1      | Reached XP level 2. HP: 17/18 MP: 3/5
   487 | D:1      | Found Ogiomu Neig's One-of-a-Kind Rings.
   667 | D:1      | Learned a level 2 spell: Wereblood
   878 | D:1      | Reached XP level 3. HP: 18/23 MP: 1/6
  1146 | D:2      | Found Hiclifor's Magic Scroll Boutique.
  1213 | D:2      | Bought a scroll of identify for 26 gold pieces
  1298 | D:2      | Found a faded altar of an unknown god.
  1581 | D:2      | Identified the +0 scale mail "Gapic" {Contam SInv Stlth+}
  1789 | D:3      | Reached XP level 4. HP: 23/28 MP: 3/7
  1797 | D:3      | Reached skill level 1 in Stealth
  2247 | D:3      | Reached skill level 3 in Transmutations
  2424 | D:4      | Noticed a scorpion
  2445 | D:4      | Killed a scorpion
  2446 | D:4      | Reached XP level 5. HP: 32/34 MP: 5/8
  2639 | D:4      | Reached skill level 1 in Throwing
  2815 | D:4      | Reached XP level 6. HP: 11/41 MP: 7/9
  3052 | D:4      | Upgraded the game from 0.29-a0-468-ge57f7f99b4 to
                  | 0.29-a0-472-ge5599a681e
  3075 | D:4      | Found a runed translucent door.
  3075 | D:4      | Noticed a human
  3177 | D:4      | Noticed Natasha
  3279 | D:4      | Found a basalt altar of Yredelemnul.
  3889 | D:2      | Bought a scroll of poison for 45 gold pieces
  3889 | D:2      | Bought 3 scrolls of fog for 78 gold pieces
  3889 | D:2      | Bought a scroll of teleportation for 39 gold pieces
  4242 | D:4      | Killed Natasha
  4279 | D:4      | Found a runed translucent door.
  4280 | D:4      | Noticed Crazy Yiuf
  4335 | D:4      | Noticed Natasha
  4340 | D:4      | Killed Natasha
  4357 | D:4      | Noticed Natasha
  4363 | D:4      | Killed Natasha
  4364 | D:4      | Reached skill level 4 in Transmutations
  4364 | D:4      | Reached XP level 7. HP: 26/46 MP: 10/10
  4561 | D:5      | Entered Level 5 of the Dungeon
  4608 | D:5      | Reached skill level 5 in Unarmed Combat
  4902 | D:5      | Identified the +0 leather armour "Taonuts" {*Corrode Fly
                  | rElec Str+10}
  5032 | D:5      | Identified the +2 helmet "Fefo" {Fly rCorr Dex+4 Slay-6}
  5836 | D:6      | Reached XP level 8. HP: 54/54 MP: 8/11
  5841 | D:6      | Reached skill level 5 in Transmutations
  7381 | D:5      | Reached skill level 1 in Evocations
  7506 | D:5      | Learned a level 1 spell: Foxfire
  7534 | D:6      | Reached skill level 5 in Fighting
  7583 | D:6      | Reached skill level 6 in Transmutations
  7583 | D:6      | Reached XP level 9. HP: 61/61 MP: 12/12
  7769 | D:6      | Reached skill level 1 in Conjurations
  7769 | D:6      | Reached skill level 1 in Fire Magic
  8089 | D:7      | Found a staircase to the Ecumenical Temple.
  8098 | Temple   | Entered the Ecumenical Temple
  8496 | Temple   | Became a worshipper of Gozag Ym Sagoz the Greedy
  8623 | D:7      | Noticed Menkaure
  8747 | D:7      | Identified the +4 whip "Orb Guardian's Regret" {freeze, rN+
                  | Str+4}
  8953 | D:8      | Found Eniramne's Self-Improvement Boutique.
  9619 | D:7      | Learned a level 2 spell: Passwall
  9623 | D:7      | Learned a level 3 spell: Ignite Poison
  9716 | D:8      | Reached skill level 5 in Stealth
  9716 | D:8      | Reached skill level 1 in Poison Magic
  9730 | D:8      | Found Valovvis's Antique Weapon Shoppe.
  9761 | D:8      | Noticed Grum
  9773 | D:8      | Reached skill level 7 in Transmutations
  9783 | D:8      | Killed Grum
 10125 | D:8      | Noticed Joseph
 10318 | D:9      | Noticed a two-headed ogre
 10324 | D:9      | HP: 2/63 [two-headed ogre/+0 giant club (23)]
 10327 | D:9      | Reached XP level 10. HP: 3/69 MP: 14/14
 10327 | D:9      | Demolished by a two-headed ogre

Illustrated notes

Levels and vault maps discovered:
D:1:      amcnicky_arrival_flooded_fountain, layout_basic,
          nicolae_shop_unique_rings
D:2:      layout_rooms, serial_shops, shop, basic_ecumenical_altar,
          kennysheep_generic_room_16, uniq_sigmund
D:3:      layout_basic
D:4:      layout_basic, dk_yredelemnul_ordeal, serial_glass, glass_columns_a,
          glass_columns_a, glass_columns_a, lexackson_kobold_supper,
          uniq_crazy_yiuf_cottage, uniq_natasha
D:5:      layout_loops_ring
D:6:      layout_loops_ring, chequers_serial_rivers_small_b, chequers_jeans
D:7:      layout_basic, temple_pool_b, feat_on_display, uniq_menkaure
D:8:      layout_rooms, serial_shops, shop, nicolae_shop_self_help, uniq_joseph,
          uniq_grum
D:9:      layout_long_grid
Temple:   roderic_octagonal_lattice_temple

Skill      XL: |  1  2  3  4  5  6  7  8  9 |
---------------+----------------------------+-----
Stealth        | 1 2 3 4 5 |  5.9
Transmutations | 3 4 6 7 |  7.4
Unarmed Combat | 4 5 6 |  6.4
Fighting       | 2 3 4 5 6 |  6.5
Throwing       | 1 2 |  2.0
Dodging        | 3 4 |  4.7
Evocations     | 1 2 |  2.3
Conjurations   | 1 |  1.0
Fire Magic     | 1 |  1.0
Spellcasting   | 3 |  3.0
Poison Magic   | 2 |  2.0

Action                   |  1- 3 |  4- 6 |  7- 9 | 10-12 || total
-------------------------+-------+-------+-------+-------++-------
Melee: Unarmed           |    71 |   144 |   212 |       ||   427
       Tentacles         |    12 |    36 |    53 |       ||   101
       Kick              |    14 |    31 |    90 |       ||   135
       Constrict         |    23 |    34 |    40 |       ||    97
       Punch             |     4 |     8 |    13 |       ||    25
Throw: Stone             |    24 |    70 |   158 |       ||   252
       Dart              |       |       |    22 |       ||    22
       Throwing net      |       |       |     2 |       ||     2
       Boomerang         |       |       |     1 |       ||     1
 Cast: Beastly Appendage |    23 |    23 |    40 |       ||    86
       Wereblood         |     6 |     7 |    14 |       ||    27
       Foxfire           |       |       |     4 |       ||     4
Evoke: Wand              |       |     1 |    15 |       ||    16
  Use: Scroll            |     4 |     4 |     8 |       ||    16
       Potion            |       |       |     8 |     1 ||     9
 Stab: Sleeping          |     3 |     3 |     3 |       ||     9
       Distracted        |       |       |     1 |       ||     1
Armor: Skin              |     7 |     4 |    14 |       ||    25
Dodge: Dodged            |    27 |    23 |   143 |     1 ||   194

Table legend: (Time is in decaauts)
 A = Elapsed time spent in this place.
 B = Non-inter-level travel time spent in this place.
 C = Inter-level travel time spent in this place.
 D = Time resting spent in this place.
 E = Time spent auto-exploring this place.
 F = Levels seen in this place.
 G = Mean time per level.
                   A        B        C        D        E       F      G
               +--------+--------+--------+--------+--------+-----+--------+
         Total |  10329 |   8746 |   1583 |   1717 |   3519 |  10 | 1032.9 |
       Dungeon |   9906 |   8387 |   1519 |   1717 |   3184 |   9 | 1100.7 |
        Temple |    422 |    358 |     64 |      0 |    335 |   1 |  422.0 |
               +--------+--------+--------+--------+--------+-----+--------+

Top non-repeatable levels by time:
     D:5: 1863 daAuts
     D:4: 1848 daAuts
     D:6: 1449 daAuts
     D:1: 1361 daAuts
     D:3: 1116 daAuts
     D:2: 754 daAuts
     D:7: 719 daAuts
     D:8: 715 daAuts
  Temple: 422 daAuts
     D:9: 79 daAuts
